 Dungeon Crawl Stone Soup version 0.17.1-1-g73c8601 (webtiles) character file.

347 shmeve the Skirmisher (level 6, 0/43 HPs)
             Began as an Octopode Berserker on Apr 28, 2016.
             Was a Priest of Trog.
             Slain by a big kobold zombie (4 damage)
             ... in an ossuary.
             The game lasted 00:06:26 (3460 turns).

shmeve the Skirmisher (Octopode Berserker)          Turns: 3460, Time: 00:06:26

Health: 0/43       AC:  1    Str: 18    XL:     6   Next: 59%
Magic:  6/6        EV: 11    Int: 10    God:    Trog [***...]
Gold:   142        SH:  9    Dex: 11    Spells: 0 memorised, 5 levels left

rFire  . . .     SeeInvis .     a - +0 hand axe
rCold  . . .     Clarity  .     l - +0 shield
rNeg   . . .     SustAt   .     (helmet restricted)
rPois  .         Gourm    .     n - amulet of resist mutation
rElec  .         Spirit   .     m - ring of protection from magic
rCorr  .         Warding  .     (no ring)
rMut   +         Stasis   .     (no ring)
MR     +....                    (no ring)
Stlth  +++.......               (no ring)
                                (no ring)
                                (no ring)
                                (no ring)

@: exhausted, somewhat resistant to hostile enchantments, fairly stealthy
A: almost no armour, amphibious, 8 rings, constrict 8, camouflage 1, gelatinous
body 1
a: Berserk, Trog's Hand, Burn Spellbooks, Renounce Religion


You were in an ossuary.
You worshipped Trog.
Trog was most pleased with you.
You were full.

You visited 1 branch of the dungeon, and saw 4 of its levels.
You also visited: Ossuary.

You collected 142 gold pieces.

Inventory:

Hand Weapons
 a - a +0 hand axe (weapon)
Armour
 l - a +0 shield (worn)
Jewellery
 m - a ring of protection from magic (left tentacle)
 n - an amulet of resist mutation (around mantle)
 u - a cursed ring of loudness {unknown}
Scrolls
 d - a scroll of amnesia {unknown}
 e - 2 scrolls of teleportation {unknown}
 f - a scroll of fog {unknown}
 i - a scroll of recharging {unknown}
 j - a scroll of enchant armour {unknown}
 o - 2 scrolls of identify {unknown}
 p - 2 scrolls of remove curse {unknown}
 q - 2 scrolls of random uselessness {unknown}
 t - a scroll of blinking {unknown}
Potions
 g - 3 potions of curing {unknown}
 h - 2 potions of heal wounds {unknown}
 r - 2 potions of lignification {unknown}
 s - a potion of cure mutation {unknown}
Comestibles
 b - 4 bread rations
 c - 3 slices of pizza
 v - a meat ration


   Skills:
 * Level 4.1 Fighting
 * Level 3.9 Axes
 * Level 4.0 Dodging
 + Level 2.0 Stealth
 * Level 3.9 Shields


You had 5 spell levels left.
You didn't know any spells.

Dungeon Overview and Level Annotations

Branches:
Dungeon (4/15)
 Temple: D:4-7

Altars:
Trog
Yredelemnul


Innate Abilities, Weirdness & Mutations

You cannot wear most types of armour.
You are amphibious.
You can wear up to eight rings at the same time.
You can use your tentacles to constrict eight enemies at once.
Your skin changes colour to match your surroundings (Stealth).
Your rubbery body absorbs attacks (AC +1).


Message History

You hit the gnoll zombie but do no damage.
You hit the scorpion.
The scorpion is lightly wounded.
You constrict the gnoll zombie.
You destroy the gnoll zombie!
The big kobold zombie hits you. The scorpion stings you!
* * * LOW HITPOINT WARNING * * *
The scorpion barely misses you. You block the human zombie's attack.
You block the big kobold zombie's attack.
The scorpion barely misses you.
You barely miss the scorpion. You grab the scorpion.
The scorpion is lightly wounded.
You hit the scorpion.
The scorpion is moderately wounded.
You hit the big kobold zombie. You hit the human zombie.
You feel yourself speed up.
You constrict the scorpion. The scorpion barely misses you.
You block the scorpion's attack. The human zombie barely misses you.
The big kobold zombie hits you.
You die...

############# ########
#.....#.....# #...#...
#.....#.....+ #.∩.'.∩.
#.....8.....# #...#...
#...........##+###'#####
#...........#.?!#...#...
###8..Z.s8###!.?#...8...
#.....Z@....#M!!#.......
#.....s.....######8...8#
#.....8.....#..^#.......
#.....#.....'...#...8...
#.....#.....#...#...#...
##+###########'#######'#
#...#...#...
#...8...'..^
#.......#...


You could see 2 scorpions, a big kobold zombie and a human zombie.

Vanquished Creatures
  A scorpion (Ossuary)
  A hound (D:4)
  2 orc wizards (D:3)
  An orc priest (D:3)
  2 big kobold zombies (Ossuary)
  A gnoll (D:3)
  2 scorpion zombies (Ossuary)
  2 adders
  A worm (D:3)
  7 orcs (D:3)
  2 ball pythons
  12 bats
  4 giant cockroaches
  7 goblins
  9 hobgoblins
  3 jackals (D:1)
  5 giant geckos
  4 giant newts
  2 gnoll zombies (Ossuary)
  2 goblin zombies (Ossuary)
  A hobgoblin zombie (Ossuary)
  7 kobolds
  2 kobold zombies (Ossuary)
  An orc zombie (Ossuary)
  2 quokkas (D:3)
  9 rats
92 creatures vanquished.

Notes
Turn   | Place    | Note
--------------------------------------------------------------
     0 | D:1      | shmeve the Octopode Berserker began the quest for the Orb.
     0 | D:1      | Reached XP level 1. HP: 16/16 MP: 1/1
   226 | D:1      | Reached XP level 2. HP: 17/21 MP: 2/2
   327 | D:1      | Reached skill level 1 in Stealth
   436 | D:1      | Reached XP level 3. HP: 8/26 MP: 3/3
   802 | D:1      | Reached ** piety under Trog
  1455 | D:2      | Reached skill level 1 in Shields
  1901 | D:2      | Reached XP level 4. HP: 31/31 MP: 4/4
  2218 | D:3      | Reached XP level 5. HP: 24/36 MP: 5/5
  2395 | D:3      | Reached *** piety under Trog
  2777 | D:3      | Found a bloodstained altar of Trog.
  3320 | D:4      | Reached XP level 6. HP: 33/43 MP: 6/6
  3366 | D:4      | Found a basalt altar of Yredelemnul.
  3378 | D:4      | Found a sand-covered staircase.
  3384 | Ossuary  | Entered an ossuary
  3401 | Ossuary  | Reached skill level 4 in Fighting
  3460 | Ossuary  | Slain by a big kobold zombie

Action                   |  1- 3 |  4- 6 || total
-------------------------+-------+-------++-------
Melee: Hand axe          |    81 |    84 ||   165
Invok: Berserk           |       |     3 ||     3
       Trog's Hand       |       |     1 ||     1
       Burn Spellbooks   |       |     1 ||     1
 Stab: Sleeping          |     9 |     8 ||    17
  Eat: Chunk             |     2 |     7 ||     9
       Fruit             |       |     8 ||     8
